SAA
LANCASTER FARMERS @ VIRGINIA BEACH WHALES
07/26/2042
 
TOP OF THE 1ST
Lancaster Farmers batting - Pitching for Virginia Beach Whales : RHP Josh Caldwell
Pitching: RHP Josh Caldwell
Batting: LHB Conrad Overdevest 0-0: Foul Ball, location: 2F
0-1: Ground out U3 (Groundball, 34, EV 83.8 MPH)
Batting: RHB Archie Pittman 0-0: Called Strike
0-1: Ball
1-1: Fly out, F7 (Flyball, 7, EV 93.1 MPH)
Batting: LHB Robert Shannon 0-0: Ground out 4-3 (Groundball, 4, EV 85.0 MPH)
Top of the 1st over - 0 runs, 0 hits, 0 errors, 0 left on base; Lancaster 0 - Virginia Beach 0
BOTTOM OF THE 1ST
Virginia Beach Whales batting - Pitching for Lancaster Farmers : RHP John Jamieson
Pitching: RHP John Jamieson
Batting: RHB Jessie Gibbs 0-0: Called Strike
0-1: Foul Ball, location: 2F
0-2: Foul Ball, location: 2F
0-2: Foul Ball, location: 2F
0-2: Ball
1-2: Foul Ball, location: 2F
1-2: Foul Ball, location: 2F
1-2: Foul Ball, location: 2F
1-2: Ball
2-2: Ball
3-2: Ground out U3 (Groundball, 3S, EV 85.6 MPH)
Batting: LHB Kalino Iolana 0-0: Foul Ball, location: 2F
0-1: Ball
1-1: Foul Ball, location: 2F
1-2: Ball
2-2: Ground out 5-3 (Groundball, 56, EV 89.4 MPH)
Batting: RHB Óscar Cardozo 0-0: Called Strike
0-1: Ball
1-1: Ball
2-1: TRIPLE (Flyball, 78XD, EV 98.8 MPH)
Batting: RHB Todd Walker 0-0: Ground out 1-3 (Groundball, 13, EV 67.5 MPH)
Bottom of the 1st over - 0 runs, 1 hit, 0 errors, 1 left on base; Lancaster 0 - Virginia Beach 0
TOP OF THE 2ND
Lancaster Farmers batting - Pitching for Virginia Beach Whales : RHP Josh Caldwell
Batting: LHB Alex Joly 0-0: Ball
1-0: SINGLE (Flyball, 7LS, EV 97.5 MPH)
Batting: RHB Gonzalo Perales 0-0: Called Strike
0-1: Swinging Strike
0-2: Strikes out swinging
Batting: RHB Thurman Williams 0-0: Fielders Choice at 2nd, 3-6 (Groundball, 34, EV 90.0 MPH)
Batting: LHB Hughie Chesire 0-0: Swinging Strike
0-1: SINGLE (Line Drive, 6M, EV 93.8 MPH)
Thurman Williams to second
Runner from 2nd tries for 3rd, OUT! 8-5
Top of the 2nd over - 0 runs, 2 hits, 0 errors, 1 left on base; Lancaster 0 - Virginia Beach 0
BOTTOM OF THE 2ND
Virginia Beach Whales batting - Pitching for Lancaster Farmers : RHP John Jamieson
Batting: RHB Paul Pitts 0-0: Ball
1-0: Called Strike
1-1: Ball
2-1: Foul Ball, location: 2F
2-2: Ball
3-2: Foul Ball, location: 2F
3-2: Fly out, F8 (Line Drive, 8LM, EV 87.5 MPH)
Batting: LHB Asberry Harpending 0-0: Ball
1-0: Ball
2-0: Ball
3-0: Called Strike
3-1: Foul Ball, location: 2F
3-2: Foul Ball, location: 2F
3-2: SINGLE (Groundball, 6D, EV 93.8 MPH)
Batting: RHB Juan Oleastro 0-0: Swinging Strike
0-1: Foul Ball, location: 2F
0-2: Ball
1-2: Strikes out swinging
Batting: RHB Roberto González 0-0: Ball
1-0: Reached on error, E1 (Groundball, 15S, EV 65.0 MPH)
Asberry Harpending to second
Batting: RHB Nick Harper 0-0: Called Strike
0-1: SINGLE (Flyball, 7LS, EV 97.5 MPH)
Asberry Harpending to third
Roberto González to second
Batting: RHB Jessie Gibbs 0-0: Swinging Strike
0-1: Swinging Strike
0-2: Ball
1-2: Foul Ball, location: 2F
1-2: Ball
2-2: Ball
3-2: Foul Ball, location: 2F
3-2: Strikes out swinging
Bottom of the 2nd over - 0 runs, 2 hits, 1 error, 3 left on base; Lancaster 0 - Virginia Beach 0
TOP OF THE 3RD
Lancaster Farmers batting - Pitching for Virginia Beach Whales : RHP Josh Caldwell
Batting: RHB Nick O'Quigley 0-0: Ball
1-0: Foul Ball, location: 2F
1-1: SINGLE (Line Drive, 9LS, EV 91.2 MPH)
Batting: RHB Fabrice Boyer 0-0: Called Strike
0-1: SINGLE (Line Drive, 56D, EV 97.5 MPH)
Nick O'Quigley to second
Batting: LHB Conrad Overdevest 0-0: Foul Ball, location: 2F
0-1: Swinging Strike
0-2: Fielders Choice at 2nd, 4-6 (Groundball, 4, EV 89.4 MPH)
Nick O'Quigley to third
Batting: RHB Archie Pittman 0-0: Called Strike
0-1: Foul Ball, location: 2F
0-2: Ball
1-2: Ball
2-2: Foul Ball, location: 2F
2-2: Fly out, F6 (Popup, P, EV 87.5 MPH)
Batting: LHB Robert Shannon 0-0: SINGLE (Flyball, 9S, EV 86.2 MPH)
Nick O'Quigley scores
Conrad Overdevest to second
Runner from 2nd tries for 3rd, SAFE, no throw by RF
Batting: LHB Alex Joly 0-0: Ball
1-0: Ball
2-0: Called Strike
2-1: SINGLE (Groundball, 4MD, EV 108.1 MPH)
Conrad Overdevest scores
Robert Shannon to second
Batting: RHB Gonzalo Perales 0-0: Ball
1-0: Foul Ball, location: 2F
1-1: Swinging Strike
1-2: Strikes out swinging
Top of the 3rd over - 2 runs, 4 hits, 0 errors, 2 left on base; Lancaster 2 - Virginia Beach 0
BOTTOM OF THE 3RD
Virginia Beach Whales batting - Pitching for Lancaster Farmers : RHP John Jamieson
Batting: LHB Kalino Iolana 0-0: Ball
1-0: Called Strike
1-1: Fly out, F3 (Line Drive, 3, EV 65.0 MPH)
Batting: RHB Óscar Cardozo 0-0: Foul Ball, location: 2F
0-1: SOLO HOME RUN (Line Drive, 78XD, EV 102.5 MPH) (Inside the Park)
Batting: RHB Todd Walker 0-0: Ball
1-0: Ball
2-0: Called Strike
2-1: Foul Ball, location: 2F
2-2: Foul Ball, location: 2F
2-2: Strikes out swinging
Batting: RHB Paul Pitts 0-0: Called Strike
0-1: Foul Ball, location: 2F
0-2: Fly out, F8 (Flyball, 8RM, EV 93.8 MPH)
Bottom of the 3rd over - 1 run, 1 hit, 0 errors, 0 left on base; Lancaster 2 - Virginia Beach 1
TOP OF THE 4TH
Lancaster Farmers batting - Pitching for Virginia Beach Whales : RHP Josh Caldwell
Batting: RHB Thurman Williams 0-0: Ground out 5-3 (Groundball, 56, EV 103.1 MPH)
Batting: LHB Hughie Chesire 0-0: Called Strike
0-1: Ball
1-1: Ball
2-1: Called Strike
2-2: Fly out, F5 (Line Drive, 5, EV 65.6 MPH)
Batting: RHB Nick O'Quigley 0-0: Ball
1-0: Fly out, F9 (Flyball, 89D, EV 109.4 MPH)
Top of the 4th over - 0 runs, 0 hits, 0 errors, 0 left on base; Lancaster 2 - Virginia Beach 1
BOTTOM OF THE 4TH
Virginia Beach Whales batting - Pitching for Lancaster Farmers : RHP John Jamieson
Batting: LHB Asberry Harpending 0-0: Swinging Strike
0-1: Ball
1-1: Foul Ball, location: 2F
1-2: Ball
2-2: Ball
3-2: SINGLE (Groundball, 34D, EV 103.8 MPH)
Batting: RHB Juan Oleastro 0-0: Called Strike
0-1: Ball
1-1: Swinging Strike
1-2: Ball
2-2: Strikes out swinging
Batting: RHB Roberto González 0-0: Ball
1-0: Fly out, F8 (Flyball, 8LD, EV 80.6 MPH)
Batting: RHB Nick Harper 0-0: Called Strike
0-1: Fielders Choice at 2nd, 6-4 (Groundball, 6, EV 83.8 MPH)
Bottom of the 4th over - 0 runs, 1 hit, 0 errors, 1 left on base; Lancaster 2 - Virginia Beach 1
TOP OF THE 5TH
Lancaster Farmers batting - Pitching for Virginia Beach Whales : RHP Josh Caldwell
Batting: RHB Fabrice Boyer 0-0: Ball
1-0: Ball
2-0: SINGLE (Groundball, 56D, EV 101.9 MPH)
Batting: LHB Conrad Overdevest 0-0: Called Strike
Fabrice Boyer steals 2nd base
0-1: Foul Ball, location: 2F
0-2: Ball
1-2: SINGLE (Line Drive, 9S, EV 106.2 MPH)
Fabrice Boyer to third
Batting: RHB Archie Pittman 0-0: Ball
1-0: Ball
2-0: Foul Ball, location: 2F
2-1: Fly out, F2 (Popup, 15S, EV 81.2 MPH)
Batting: LHB Robert Shannon 0-0: Fly out, F5 (Popup, 5, EV 70.6 MPH)
Batting: LHB Alex Joly 0-0: Swinging Strike
0-1: Foul Ball, location: 2F
0-2: Foul Ball, location: 2F
0-2: SINGLE (Groundball, 34D, EV 105.0 MPH)
Fabrice Boyer scores
Conrad Overdevest to second
Runner from 2nd tries for 3rd, SAFE, no throw by RF
Batting: RHB Gonzalo Perales 0-0: Ground out 6-3 (Groundball, 6S, EV 86.2 MPH)
Top of the 5th over - 1 run, 3 hits, 0 errors, 2 left on base; Lancaster 3 - Virginia Beach 1
BOTTOM OF THE 5TH
Virginia Beach Whales batting - Pitching for Lancaster Farmers : RHP John Jamieson
Batting: RHB Jessie Gibbs 0-0: Ball
1-0: Swinging Strike
1-1: Foul Ball, location: 2F
1-2: Ball
2-2: Foul Ball, location: 2F
2-2: Ball
3-2: Fly out, F4 (Popup, 4S, EV 86.2 MPH)
Batting: LHB Kalino Iolana 0-0: Ball
1-0: Called Strike
1-1: Ball
2-1: Fly out, F7 (Flyball, 78S, EV 81.2 MPH)
Batting: RHB Óscar Cardozo 0-0: Ball
1-0: Foul Ball, location: 2F
1-1: Ball
2-1: SINGLE (Line Drive, 78S, EV 96.9 MPH)
Batting: RHB Todd Walker 0-0: Ball
Óscar Cardozo is caught stealing 2nd base 2-4
Bottom of the 5th over - 0 runs, 1 hit, 0 errors, 0 left on base; Lancaster 3 - Virginia Beach 1
TOP OF THE 6TH
Lancaster Farmers batting - Pitching for Virginia Beach Whales : RHP Josh Caldwell
Batting: RHB Thurman Williams 0-0: Called Strike
0-1: Ball
1-1: Fly out, F9 (Flyball, 89M, EV 88.8 MPH)
Batting: LHB Hughie Chesire 0-0: Ball
1-0: SINGLE (Line Drive, 9LM, EV 100.6 MPH)
Batting: RHB Nick O'Quigley 0-0: Called Strike
0-1: Called Strike
0-2: Ball
1-2: Ball
2-2: Ball
3-2: Base on Balls
Hughie Chesire to second
Batting: RHB Fabrice Boyer 0-0: Ball
1-0: DOUBLE (Groundball, 5L, EV 108.8 MPH)
Hughie Chesire scores
Nick O'Quigley to third
Batting: LHB Conrad Overdevest 0-0: Fly out, F7 (Line Drive, 7D, EV 90.0 MPH)
Runner from 3rd tags up, SCORES, no throw by LF
Fabrice Boyer to third
Pitching: RHP Phil Britt
Batting: RHB Archie Pittman 0-0: Called Strike
0-1: Ground out 4-3 (Groundball, 4M, EV 90.0 MPH)
Top of the 6th over - 2 runs, 2 hits, 0 errors, 1 left on base; Lancaster 5 - Virginia Beach 1
BOTTOM OF THE 6TH
Virginia Beach Whales batting - Pitching for Lancaster Farmers : RHP John Jamieson
Batting: RHB Todd Walker 0-0: Called Strike
0-1: Foul Ball, location: 2F
0-2: DOUBLE (Line Drive, 8LXD, EV 105.0 MPH)
Pitching: RHP Manuel Sánchez
Batting: RHB Paul Pitts 0-0: Called Strike
0-1: Foul Ball, location: 2F
0-2: Ground out 6-3 (Groundball, 6, EV 103.8 MPH)
Batting: LHB Asberry Harpending 0-0: Ball
1-0: Foul Ball, location: 2F
1-1: Foul Ball, location: 2F
1-2: Ball
2-2: Ball
3-2: 2-RUN HOME RUN (Line Drive, 9D, EV 106.2 MPH), Distance : 368 ft
Batting: RHB Juan Oleastro 0-0: Called Strike
0-1: Ball
1-1: Ground out 4-3 (Groundball, 4, EV 102.5 MPH)
Batting: RHB Roberto González 0-0: Ball
1-0: Swinging Strike
1-1: Swinging Strike
1-2: Foul Ball, location: 2F
1-2: Foul Ball, location: 2F
1-2: Ball
2-2: Foul Ball, location: 2F
2-2: Strikes out swinging
Bottom of the 6th over - 2 runs, 2 hits, 0 errors, 0 left on base; Lancaster 5 - Virginia Beach 3
TOP OF THE 7TH
Lancaster Farmers batting - Pitching for Virginia Beach Whales : RHP Phil Britt
Batting: LHB Robert Shannon 0-0: Ball
1-0: Swinging Strike
1-1: Called Strike
1-2: Foul Ball, location: 2F
1-2: Foul Ball, location: 2F
1-2: SINGLE (Flyball, 9S, EV 94.4 MPH)
Batting: LHB Alex Joly 0-0: Fielders Choice at 2nd, 6-4 (Groundball, 56, EV 105.0 MPH)
Batting: RHB Gonzalo Perales 0-0: Foul Ball, location: 2F
0-1: Swinging Strike
0-2: SINGLE (Groundball, 56D, EV 115.6 MPH)
Alex Joly to second
Batting: RHB Thurman Williams 0-0: Grounds into double play, 3-6-3 (Groundball, 34, EV 88.1 MPH)
Top of the 7th over - 0 runs, 2 hits, 0 errors, 1 left on base; Lancaster 5 - Virginia Beach 3
BOTTOM OF THE 7TH
Virginia Beach Whales batting - Pitching for Lancaster Farmers : RHP Manuel Sánchez
Batting: RHB Nick Harper 0-0: Ball
1-0: Ground out 5-3 (Groundball, 56S, EV 83.1 MPH)
Batting: RHB Jessie Gibbs 0-0: Foul Ball, location: 2F
0-1: Foul Ball, location: 2F
0-2: DOUBLE (Groundball, 5L, EV 100.0 MPH)
Batting: LHB Kalino Iolana 0-0: Fly out, F7 (Line Drive, 7, EV 91.2 MPH)
Batting: RHB Óscar Cardozo 0-0: Called Strike
0-1: Ball
1-1: Swinging Strike
1-2: Ground out 6-3 (Groundball, 6, EV 83.1 MPH)
Bottom of the 7th over - 0 runs, 1 hit, 0 errors, 1 left on base; Lancaster 5 - Virginia Beach 3
TOP OF THE 8TH
Lancaster Farmers batting - Pitching for Virginia Beach Whales : RHP Phil Britt
Batting: LHB Hughie Chesire 0-0: Ball
1-0: DOUBLE (Line Drive, 9LM, EV 100.6 MPH)
Batting: RHB Nick O'Quigley 0-0: Called Strike
0-1: Called Strike
0-2: Foul Ball, location: 2F
0-2: Ball
1-2: DOUBLE (Flyball, 89D, EV 103.1 MPH)
Hughie Chesire scores
Batting: RHB Fabrice Boyer 0-0: Foul Ball, location: 2F
0-1: Called Strike
0-2: SINGLE (Line Drive, 6D, EV 94.4 MPH)
Nick O'Quigley to third
Batting: LHB Conrad Overdevest 0-0: Ball
Fabrice Boyer steals 2nd base
1-0: Foul Ball, location: 2F
1-1: Ground out U3 (Groundball, 3, EV 102.5 MPH)
Batting: RHB Archie Pittman 0-0: Foul Ball, location: 2F
0-1: Ball
1-1: Foul Ball, location: 2F
1-2: Fly out, F8 (Line Drive, 8RD, EV 85.6 MPH)
Runner from 3rd tags up, SCORES, throw by CF
Batting: LHB Robert Shannon 0-0: Ball
1-0: Ball
2-0: Ball
3-0: Called Strike
3-1: Called Strike
3-2: Base on Balls
Batting: LHB Alex Joly 0-0: Ground out 4-3 (Groundball, 4M, EV 100.0 MPH)
Top of the 8th over - 2 runs, 3 hits, 0 errors, 2 left on base; Lancaster 7 - Virginia Beach 3
BOTTOM OF THE 8TH
Virginia Beach Whales batting - Pitching for Lancaster Farmers : RHP Manuel Sánchez
Batting: RHB Todd Walker 0-0: SINGLE (Groundball, 34S, EV 73.1 MPH) (infield hit)
Batting: RHB Paul Pitts 0-0: Foul Ball, location: 2F
0-1: Swinging Strike
0-2: Ball
1-2: Ball
2-2: Strikes out looking
Batting: LHB Asberry Harpending 0-0: Called Strike
0-1: Foul Ball, location: 2F
0-2: Ball
1-2: Foul Ball, location: 2F
1-2: Ball
2-2: Ball
3-2: SINGLE (Groundball, 6D, EV 104.4 MPH)
Todd Walker to second
Todd Walker to third
Batting: RHB Juan Oleastro 0-0: Ball
1-0: Foul Ball, location: 2F
1-1: Foul Ball, location: 2F
1-2: SINGLE (Groundball, 3, EV 105.0 MPH) (infield hit)
Todd Walker scores
Asberry Harpending to second
Pitching: RHP Casey Ball
Batting: RHB Roberto González 0-0: Ball
1-0: Ball
2-0: Ball
3-0: Foul Ball, location: 2F
3-1: Called Strike
3-2: Foul Ball, location: 2F
3-2: Base on Balls
Asberry Harpending to third
Juan Oleastro to second
Batting: RHB Nick Harper 0-0: Ball
1-0: Called Strike
1-1: Foul Ball, location: 2F
1-2: Strikes out swinging
Batting: RHB Jessie Gibbs 0-0: Ball
1-0: Swinging Strike
1-1: Reached on error, E4 (Groundball, 4S, EV 85.0 MPH)
Asberry Harpending scores
Juan Oleastro to third
Roberto González to second
Batting: LHB Kalino Iolana 0-0: Called Strike
0-1: Fly out, F8 (Flyball, 8RD, EV 104.4 MPH)
Bottom of the 8th over - 2 runs, 3 hits, 1 error, 3 left on base; Lancaster 7 - Virginia Beach 5
TOP OF THE 9TH
Lancaster Farmers batting - Pitching for Virginia Beach Whales : RHP Phil Britt
Pitching: RHP Martin Rumbolt
Batting: RHB Gonzalo Perales 0-0: Ball
1-0: Foul Ball, location: 2F
1-1: Foul Ball, location: 2F
1-2: Strikes out swinging
Batting: RHB Thurman Williams 0-0: Ball
1-0: Ball
2-0: Called Strike
2-1: Fly out, F8 (Flyball, 78D, EV 96.2 MPH)
Batting: LHB Hughie Chesire 0-0: Ball
1-0: Called Strike
1-1: Foul Ball, location: 2F
1-2: Strikes out swinging
Top of the 9th over - 0 runs, 0 hits, 0 errors, 0 left on base; Lancaster 7 - Virginia Beach 5
BOTTOM OF THE 9TH
Virginia Beach Whales batting - Pitching for Lancaster Farmers : RHP Casey Ball
Batting: RHB Óscar Cardozo 0-0: Ball
1-0: Swinging Strike
1-1: Ball
2-1: Swinging Strike
2-2: Foul Ball, location: 2F
2-2: Ball
3-2: Strikes out swinging
Batting: RHB Todd Walker 0-0: Foul Ball, location: 2F
0-1: Ball
1-1: SINGLE (Line Drive, 7LS, EV 112.5 MPH)
Batting: RHB Paul Pitts 0-0: Swinging Strike
0-1: Foul Ball, location: 2F
0-2: Strikes out swinging
Batting: LHB Asberry Harpending 0-0: Called Strike
0-1: Called Strike
0-2: Ball
1-2: Ball
2-2: Foul Ball, location: 2F
2-2: Ball
3-2: Base on Balls
Todd Walker to second
Batting: RHB Juan Oleastro 0-0: Ball
1-0: Called Strike
1-1: Ball
2-1: Ball
3-1: Called Strike
3-2: Base on Balls
Todd Walker to third
Asberry Harpending to second
Pinch Hitting: LHB Henry Head 0-0: Ball
Wild Pitch!
Todd Walker scores
Asberry Harpending to third
Juan Oleastro to second
1-0: Called Strike
1-1: Foul Ball, location: 2F
1-2: Foul Ball, location: 2F
1-2: Foul Ball, location: 2F
1-2: Ball
2-2: Foul Ball, location: 2F
2-2: Ball
3-2: Base on Balls
Pitching: RHP Dave Green
Batting: RHB Nick Harper 0-0: Ball
1-0: Swinging Strike
1-1: Swinging Strike
1-2: Ball
2-2: Foul Ball, location: 2F
2-2: Ball
3-2: Base on Balls
Asberry Harpending scores
Juan Oleastro to third
Henry Head to second
Batting: RHB Jessie Gibbs 0-0: Foul Ball, location: 2F
0-1: Foul Ball, location: 2F
0-2: Ball
1-2: Foul Ball, location: 2F
1-2: Fly out, F7 (Line Drive, 7, EV 103.1 MPH)
Bottom of the 9th over - 2 runs, 1 hit, 0 errors, 3 left on base; Lancaster 7 - Virginia Beach 7
TOP OF THE 10TH
Lancaster Farmers batting - Pitching for Virginia Beach Whales : RHP Martin Rumbolt
Now in RF: Dave Thomas
Pinch Hitting: LHB Eugene Walker 0-0: Called Strike
0-1: Ball
1-1: Ball
2-1: Foul Ball, location: 2F
2-2: Foul Ball, location: 2F
2-2: Ball
3-2: Fly out, F5 (Popup, 5S, EV 83.8 MPH)
Batting: RHB Fabrice Boyer 0-0: Called Strike
0-1: SINGLE (Groundball, 6MD, EV 104.4 MPH)
Batting: LHB Conrad Overdevest 0-0: Ball
1-0: SINGLE (Flyball, 78M, EV 88.8 MPH)
Fabrice Boyer to second
Batting: RHB Archie Pittman 0-0: Ball
Fabrice Boyer is caught stealing 3rd base 2-5
1-0: Ball
2-0: Ball
3-0: Called Strike
3-1: Foul Ball, location: 2F
3-2: Strikes out swinging
Top of the 10th over - 0 runs, 2 hits, 0 errors, 1 left on base; Lancaster 7 - Virginia Beach 7
BOTTOM OF THE 10TH
Virginia Beach Whales batting - Pitching for Lancaster Farmers : RHP Dave Green
Now in LF: Raúl Miranda
Batting: LHB Kalino Iolana 0-0: Ball
1-0: Foul Ball, location: 2F
1-1: Ball
2-1: Ball
3-1: Fly out, F8 (Flyball, 8LD, EV 94.4 MPH)
Batting: RHB Óscar Cardozo 0-0: Called Strike
0-1: Swinging Strike
0-2: Ball
1-2: Ground out 5-3 (Groundball, 56, EV 102.5 MPH)
Batting: RHB Todd Walker 0-0: Called Strike
0-1: Ball
1-1: Ball
2-1: Foul Ball, location: 2F
2-2: Ground out 4-3 (Groundball, 4, EV 86.9 MPH)
Bottom of the 10th over - 0 runs, 0 hits, 0 errors, 0 left on base; Lancaster 7 - Virginia Beach 7
TOP OF THE 11TH
Lancaster Farmers batting - Pitching for Virginia Beach Whales : RHP Martin Rumbolt
Pitching: RHP Javier Iturburua
Batting: LHB Robert Shannon 0-0: Fly out, F6 (Line Drive, 6, EV 70.0 MPH)
Batting: LHB Alex Joly 0-0: Called Strike
0-1: Ball
1-1: Ball
2-1: Foul Ball, location: 2F
2-2: Fly out, F8 (Flyball, 8RD, EV 86.9 MPH)
Batting: RHB Gonzalo Perales 0-0: Ground out 4-3 (Groundball, 4S, EV 90.0 MPH)
Top of the 11th over - 0 runs, 0 hits, 0 errors, 0 left on base; Lancaster 7 - Virginia Beach 7
BOTTOM OF THE 11TH
Virginia Beach Whales batting - Pitching for Lancaster Farmers : RHP Dave Green
Batting: RHB Paul Pitts 0-0: Ball
1-0: Ball
2-0: SINGLE (Groundball, 4MD, EV 99.4 MPH)
Batting: LHB Asberry Harpending 0-0: Ball
1-0: Foul Ball, location: 2F
1-1: Ball
2-1: Foul Ball, location: 2F
2-2: Grounds into double play, 6-4-3 (Groundball, 6M, EV 76.9 MPH)
Batting: RHB Juan Oleastro 0-0: Called Strike
0-1: Ball
1-1: Ball
2-1: Foul Ball, location: 2F
2-2: Strikes out swinging
Bottom of the 11th over - 0 runs, 1 hit, 0 errors, 0 left on base; Lancaster 7 - Virginia Beach 7
TOP OF THE 12TH
Lancaster Farmers batting - Pitching for Virginia Beach Whales : RHP Javier Iturburua
Batting: RHB Thurman Williams 0-0: Called Strike
0-1: SINGLE (Groundball, 6MD, EV 94.4 MPH)
Batting: LHB Hughie Chesire 0-0: Called Strike
0-1: Ball
1-1: Swinging Strike
1-2: Ball
2-2: Foul Ball, location: 2F
2-2: Strikes out looking
Batting: SHB Raúl Miranda 0-0: Called Strike
0-1: Ball
1-1: Fly out, F9 (Flyball, 9, EV 72.5 MPH)
Batting: RHB Fabrice Boyer 0-0: Called Strike
0-1: Called Strike
0-2: Ground out 4-3 (Groundball, 4, EV 106.9 MPH)
Top of the 12th over - 0 runs, 1 hit, 0 errors, 1 left on base; Lancaster 7 - Virginia Beach 7
BOTTOM OF THE 12TH
Virginia Beach Whales batting - Pitching for Lancaster Farmers : RHP Dave Green
Pitching: RHP Tim Smith
Batting: RHB Dave Thomas 0-0: Ball
1-0: Foul Ball, location: 2F
1-1: Foul Ball, location: 2F
1-2: Ball
2-2: Fly out, F8 (Flyball, 8RS, EV 80.0 MPH)
Batting: RHB Nick Harper 0-0: Swinging Strike
0-1: Foul Ball, location: 2F
0-2: Ball
1-2: Strikes out swinging
Batting: RHB Jessie Gibbs 0-0: Ball
1-0: Ball
2-0: Called Strike
2-1: Ball
3-1: Base on Balls
Batting: LHB Kalino Iolana 0-0: SINGLE (Groundball, 4MD, EV 107.5 MPH)
Jessie Gibbs to second
Runner from 2nd tries for 3rd, SAFE, throw by CF made to third
Batting: RHB Óscar Cardozo 0-0: Called Strike
0-1: Ball
1-1: Foul Ball, location: 2F
1-2: Reached on error, E6 (Groundball, 6, EV 93.1 MPH)
Jessie Gibbs scores
Friday, March 26th, 2021 - OOTP Baseball 20.8 Build 74